 Dungeon Crawl Stone Soup version 0.17.1-3-g152610e (webtiles) character file.

149 kaze the Shield-Bearer (level 5, -2/33 HPs)
             Began as a Gargoyle Fighter on Mar 15, 2016.
             Slain by a worm (10 damage)
             ... on level 3 of the Dungeon.
             The game lasted 00:03:10 (1664 turns).

kaze the Shield-Bearer (Gargoyle Fighter)           Turns: 1664, Time: 00:03:11

Health: -2/33      AC: 21    Str: 21    XL:     5   Next: 31%
Magic:  5/5        EV:  6    Int:  8    God:
Gold:   186        SH:  9    Dex:  9    Spells: 0 memorised, 4 levels left

rFire  . . .     SeeInvis .     v - +2 flail (protect)
rCold  . . .     Clarity  .     j - +0 chain mail
rNeg   + . .     SustAt   +     c - +0 shield
rPois  ∞         Gourm    .     (no helmet)
rElec  +         Spirit   .     h - +2 cloak
rCorr  .         Warding  .     (no gloves)
rMut   .         Stasis   .     (no boots)
MR     .....                    (no amulet)
Stlth  ..........               (no ring)
                                s - ring of sustain attributes

@: not resistant to hostile enchantments, extremely unstealthy
A: negative energy resistance 1, electricity resistance, unbreathing,
petrification resistance, rot immunity, AC +4
a: no special abilities


You were on level 3 of the Dungeon.
You were hungry.

You visited 1 branch of the dungeon, and saw 3 of its levels.

You collected 186 gold pieces.

Inventory:

Hand Weapons
 a - a +0 war axe
 v - a +2 flail of protection (weapon)
Armour
 b - a +0 scale mail
 c - a +0 shield (worn)
 h - a +2 cloak (worn)
 j - a +0 chain mail (worn)
Jewellery
 s - a ring of sustain attributes (left hand)
Scrolls
 g - 2 scrolls of remove curse {unknown}
 n - a scroll of amnesia {unknown}
 o - 3 scrolls of teleportation {unknown}
 u - 2 scrolls of identify {unknown}
Potions
 d - a potion of might
 k - 2 potions of curing {unknown}
 l - a potion of flight {unknown}
 m - 2 potions of lignification {unknown}
 p - a potion of cure mutation {unknown}
 r - a potion of poison {unknown}
 t - a potion of agility {unknown}
Comestibles
 e - 5 bread rations
 f - 2 meat rations
 i - 2 slices of pizza


   Skills:
 + Level 4.1 Fighting
 + Level 2.6(2.7) Axes
 + Level 0.2(1.8) Maces & Flails
 + Level 4.0 Armour
 + Level 1.0 Dodging
 - Level 0.2 Stealth
 + Level 4.3 Shields


You had 4 spell levels left.
You didn't know any spells.

Dungeon Overview and Level Annotations

Branches:
Dungeon (3/15)

Altars:
Trog
Yredelemnul


Innate Abilities, Weirdness & Mutations

You are resistant to torment.
Your stone body is resilient (AC +4).
You are immune to poison.
You resist negative energy.
You are resistant to electric shocks.
You can survive without breathing.
You are immune to petrification.
You are immune to rotting.


Message History

The worm is severely wounded.
You block the goblin's attack. The rat bites you but does no damage.
The rat bites you but does no damage. The worm barely misses you.
The rat bites you but does no damage. You block the worm's attack.
The goblin hits you but does no damage. The rat bites you but does no damage.
The worm closely misses you.
Unknown command.
Your shield and chain mail prevent you from hitting the worm.
The worm is severely wounded.
The rat barely misses you. The goblin barely misses you.
You block the rat's attack. The worm bites you but does no damage.
The rat bites you but does no damage. The rat closely misses you.
The goblin hits you but does no damage. The worm bites you but does no damage.
The worm bites you but does no damage. You block the rat's attack.
You barely miss the worm.
The worm is severely wounded.
The rat barely misses you. The goblin hits you with a war axe.
* * * LOW HITPOINT WARNING * * *
You block the rat's attack. The rat barely misses you. The worm bites you!
You die...

#####...#.###..
##.))....###......#
##.
#...._....##......# #.
##.........####.####
#. #....###....# #.#
#. #...##y##...# #.#
#. #....###....###'##
#. #.....†rg...##...##
## #....r@w..##.....##
##.....w.##.......##
####.####.........# ##
#.##.##.'.........###^
#....####.........##..
##.#.## ##(........'..
#...## ##.....####^^
#....# ##...## ##^
#....# ##'## ##


You could see a moth of wrath, 2 worms, a goblin (berserk) and 2 rats.

Vanquished Creatures
  Crazy Yiuf (D:2)
  4 adders
  An ooze (D:1)
  3 worms
  7 giant geckos
  An orc (D:3)
  A giant cockroach (D:2)
  8 goblins
  5 hobgoblins
  3 quokkas (D:2)
  5 bats
  7 kobolds
  26 rats
  A spectral orc (D:3)
  2 fungi (D:1)
75 creatures vanquished.

Notes
Turn   | Place    | Note
--------------------------------------------------------------
     0 | D:1      | kaze the Gargoyle Fighter began the quest for the Orb.
     0 | D:1      | Reached XP level 1. HP: 14/14 MP: 1/1
   102 | D:1      | Reached XP level 2. HP: 19/19 MP: 2/2
   756 | D:2      | Reached XP level 3. HP: 24/24 MP: 3/3
   810 | D:2      | Noticed Crazy Yiuf
   819 | D:2      | Killed Crazy Yiuf
   841 | D:2      | Reached skill level 4 in Shields
   841 | D:2      | Reached XP level 4. HP: 25/29 MP: 4/4
  1111 | D:2      | Reached XP level 5. HP: 33/33 MP: 5/5
  1397 | D:3      | Reached skill level 1 in Dodging
  1533 | D:3      | Found a basalt altar of Yredelemnul.
  1646 | D:3      | Noticed a moth of wrath
  1649 | D:3      | Found a bloodstained altar of Trog.
  1664 | D:3      | Slain by a worm

Action                   |  1- 3 |  4- 6 || total
-------------------------+-------+-------++-------
Melee: War axe           |   107 |   117 ||   224
       Flail             |       |    33 ||    33
  Eat: Chunk             |       |     1 ||     1
       Fruit             |       |     2 ||     2
